 Dungeon Crawl Stone Soup version 0.27-a0-1149-g4505690ab0 (webtiles) character file.

Game seed: 7809671023598924159

136 Lekart the Skirmisher (level 4, -2/41 HPs)
             Began as a Draconian Chaos Knight on May 13, 2021.
             Was a Plaything of Xom.
             Slain by Robin
             ... wielding a +0 spear
              (7 damage)
             ... on level 2 of the Dungeon.
             The game lasted 00:03:33 (1866 turns).

Lekart the Skirmisher (Draconian Chaos Knight)      Turns: 1866, Time: 00:03:33

Health: -2/41      AC:  5    Str: 15    XL:     4   Next: 98%
Magic:  4/4        EV: 12    Int: 12    God:    Xom [....*.]
Gold:   69         SH:  4    Dex: 11    Spells: 3/3 levels left

rFire    . . .     SeeInvis .   a - +0 falchion (chaos)
rCold    . . .     Faith    .   (no shield)
rNeg     . . .     Spirit   .   (armour unavailable)
rPois    .         Reflect  .   (helmet restricted)
rElec    .         Harm     .   (no cloak)
rCorr    .         Rampage  .   (no gloves)
Will     .....                  (no boots)
Stlth    +.........             (no amulet)
HPRegen  0.13/turn              (no ring)
MPRegen  0.09/turn              (no ring)

@: no status effects
A: AC +5, unfitting armour, cold-blooded, stinger 1, large bone plates 1
a: Renounce Religion


You were on level 2 of the Dungeon.
You worshipped Xom.
You were a beloved toy of Xom.
You visited 1 branch of the dungeon, and saw 2 of its levels.

You collected 69 gold pieces.

Inventory:

Hand Weapons
 a - a +0 falchion of chaos (weapon)
Jewellery
 g - a ring of willpower
Wands
 b - a wand of charming (10)
Scrolls
 c - a scroll of enchant weapon {unknown}
 d - a scroll of immolation {unknown}
 e - a scroll of fear {unknown}
 f - a scroll of acquirement {unknown}


   Skills:
 * Level 4.7 Fighting
 + Level 4.1 Long Blades
 + Level 3.0 Dodging


You had 3 spell levels left.
You didn't know any spells.
Your spell library was empty.

Dungeon Overview and Level Annotations

Branches:
Dungeon (2/15)

Altars:
Xom

Annotations:
D:2 Robin


Innate Abilities, Weirdness & Mutations

Your plain brown scales are hard. (AC +5)
You cannot fit into any form of body armour.
You are cold-blooded and may be slowed by cold attacks.
Your tail ends in a poisonous barb.
You are partially covered in large bone plates. (SH +4)


Message History

Robin hits you with a +0 spear!
The goblin unwields a +0 hunting sling.
The goblin wields a +0 club.
The goblin barely misses you.
You barely miss Robin.
Robin roars a battlecry!
The goblin goes into a battle-frenzy!
You hit Robin. You freeze Robin.
Robin is heavily wounded.
You block the goblin's attack. Robin barely misses you.
The goblin closely misses you.
You barely miss Robin.
Robin is heavily wounded.
Robin throws the goblin at you! The goblin closely misses you.
You closely miss Robin.
Robin is heavily wounded.
Robin hits you but does no damage. The goblin closely misses you.
You riposte.
You barely miss the goblin. You block Robin's attack.
You closely miss Robin.
Robin is heavily wounded.
The goblin hits you with a +0 club. Robin hits you with a +0 spear.
You are too injured to fight recklessly!
You are too injured to fight recklessly!
You are too injured to fight recklessly!
You hit Robin but do no damage.
Robin is poisoned.
You tail-slap Robin.
Robin looks even sicker.
Robin is severely wounded.
The goblin hits you with a +0 club. Robin misses you.
You closely miss Robin.
Robin is severely wounded.
The goblin misses you.
You riposte.
You closely miss the goblin. Robin hits you with a +0 spear.
You closely miss Robin. You tail-slap Robin, but do no damage.
Robin is severely wounded.
The goblin closely misses you.
You riposte.
You closely miss the goblin. Robin hits you with a +0 spear.
* * * LOW HITPOINT WARNING * * *
The goblin hits you with a +0 club.
* * * LOW HITPOINT WARNING * * *
Robin hits you from afar with a +0 spear!
You die... "What!?
That's it?"

#.......>.# #.........#
#.........#
##.......#######
#...รท.....#....#
#.........#....#
#....<><..#....#
#.........#....##
#...@g..........##
##.......>#......####
###g....#.#....#.....
#####....####.#....#####.
#)....##.# #.#....# ##
#########)########
#.###### #
....g..g))....... #.# #
.##.gS#S...####.. #.# #
#.. #....# ###


You could see Robin (very poisoned) and a goblin (strong).

Vanquished Creatures
  Natasha (thrice) (D:2)
  2 adders
  A worm (D:1)
  2 endoplasms (D:1)
  A giant cockroach (D:2)
  11 goblins
  7 hobgoblins
  4 kobolds
  2 quokkas (D:1)
  8 ball pythons
  4 bats
  2 frilled lizards (D:1)
  6 rats
53 creatures vanquished.

Notes
Turn   | Place    | Note
-------+----------+-------------------------------------------
     0 | D:1      | Lekart the Draconian Chaos Knight began the quest for the
                  | Orb.
     0 | D:1      | Reached XP level 1. HP: 19/19 MP: 1/1
   189 | D:1      | XOM: silly message
   352 | D:1      | Reached XP level 2. HP: 27/27 MP: 2/2
   619 | D:1      | Found a faded altar of an unknown god.
  1025 | D:2      | Reached XP level 3. HP: 25/33 MP: 3/3
  1317 | D:2      | XOM: noise
  1317 | D:2      | Noticed Natasha
  1340 | D:2      | Killed Natasha
  1346 | D:2      | Reached XP level 4. HP: 7/41 MP: 4/4
  1405 | D:2      | Noticed Natasha
  1405 | D:2      | XOM: cast spell 'Summon Ice Beast'
  1410 | D:2      | Killed Natasha
  1509 | D:1      | XOM: god gift: wand of charming (10)
  1598 | D:2      | Noticed Natasha
  1606 | D:2      | Killed Natasha
  1629 | D:2      | XOM: give mutations
  1629 | D:2      | Gained mutation: Your tail ends in a poisonous barb. [Xom's
                  | grace]
  1629 | D:2      | Gained mutation: You are partially covered in large bone
                  | plates. (SH +4) [Xom's grace]
  1642 | D:2      | Noticed Robin
  1703 | D:1      | XOM: scenery: create altars
  1769 | D:1      | XOM: god gift: 35 gold pieces
  1866 | D:2      | Slain by Robin

Illustrated notes

Levels and vault maps discovered:
D:1:      mushboom_english_gardens, layout_basic, basic_ecumenical_altar,
          minmay_cut_off
D:2:      minmay_recursive_quarters, layout_rooms, uniq_robin, uniq_natasha,
          uniq_jessica

Skill      XL: |  1  2  3  4 |
---------------+-------------+-----
Fighting       | 4 |  4.7
Long Blades    | 4 |  4.1
Dodging        | 3 |  3.0

Action                   |  1- 3 |  4- 6 || total
-------------------------+-------+-------++-------
Melee: Falchion          |    92 |    48 ||   140
       Tailslap          |     8 |     5 ||    13
  Use: Potion            |     1 |     1 ||     2
Armor: Skin              |    43 |    21 ||    64
Dodge: Dodged            |    97 |    37 ||   134
Block: Other             |       |    13 ||    13
       Rpst.: Falchion   |    26 |    12 ||    38

Table legend: (Time is in decaauts)
 A = Elapsed time spent in this place.
 B = Non-inter-level travel time spent in this place.
 C = Inter-level travel time spent in this place.
 D = Time resting spent in this place.
 E = Time spent auto-exploring this place.
 F = Levels seen in this place.
 G = Mean time per level.
                   A        B        C        D        E       F      G
               +--------+--------+--------+--------+--------+-----+--------+
         Total |   1906 |   1850 |     56 |    483 |    960 |   2 |  953.0 |
       Dungeon |   1906 |   1850 |     56 |    483 |    960 |   2 |  953.0 |
               +--------+--------+--------+--------+--------+-----+--------+

Top non-repeatable levels by time:
     D:1: 1402 daAuts
     D:2: 504 daAuts
